 Dungeon Crawl Stone Soup version bcrawl-1.36.3 (webtiles) character file.

Game seed: 3020082421746041536

116663 zzzzzzzz the Covered (level 3, -4/33 HPs)
             Began as a Minotaur Fighter on June 23, 2022.
             Killed from afar by an orc wizard (6 damage)
             ... with a puff of frost
             ... on level 3 of the Dungeon.
             The game lasted 00:05:24 (1389 turns).

zzzzzzzz the Covered (Minotaur Fighter)             Turns: 1389, Time: 00:05:25

Health: -4/33      AC:  7    Str: 21    XL:     3   Next: 50%
Magic:  2/2        EV:  5    Int:  5    God:
Gold:   148        SH:  9    Dex:  9    Spells: 2/2 levels left

rFire    . . .     SeeInvis .   a - +0 war axe
rCold    . . .     Gourm    .   c - +0 medium shield
rNeg     . . .     Faith    .   b - +0 scale mail
rPois    .         Spirit   .   (helmet restricted)
rElec    .         Reflect  .   (no cloak)
rCorr    .                      (no gloves)
MR       .....                  (no boots)
Stlth    ..........             (no amulet)
HPRegen  0.11/turn              (no ring)
MPRegen  0.08/turn              (no ring)

@: no status effects
A: retaliatory headbutt, horns 2
a: no special abilities


You were on level 3 of the Dungeon.
You were hungry.

You visited 1 branch of the dungeon, and saw 3 of its levels.

You collected 148 gold pieces.

Inventory:

Hand Weapons
 a - a +0 war axe (weapon)
Armour
 b - a +0 scale mail (worn)
 c - a +0 medium shield (worn)
Scrolls
 f - 2 scrolls of immolation {unknown}
 g - 2 scrolls of fear {unknown}
 h - a scroll of teleportation {unknown}
 i - 3 scrolls of identify
 j - 2 scrolls of enchant armour {unknown}
 k - a scroll of enchant weapon {unknown}
 l - a scroll of magic mapping {unknown}
Potions
 d - a potion of might
Comestibles
 e - 2 rations {!d}


   Skills:
 + Level 4.0 Fighting
 + Level 3.4 Axes
 + Level 4.2 Armour
 + Level 4.0 Shields


You had 2 spell levels left.
You didn't know any spells.
Your spell library was empty.

Dungeon Overview and Level Annotations

Branches:
Dungeon (3/12)

Altars:
Cheibriados


Innate Abilities, Weirdness & Mutations

You reflexively headbutt those who attack you in melee.
You have a pair of horns on your head.


Message History

You closely miss the orc. The orc wizard casts a spell at you.
The puff of frost hits you!
* * * LOW HITPOINT WARNING * * *
The orc hits you with a +0 war axe.
* * * LOW HITPOINT WARNING * * *
You block the orc wizard's attack.
You hit the orc wizard but do no damage.
Your headbutt misses the orc wizard.
The orc wizard is severely wounded.
Your shield prevents you from hitting the orc.
You block the orc wizard's attack. You block the orc's attack.
The orc wizard looks encouraged for a moment.
Your shield prevents you from hitting the orc wizard.
Your headbutt misses the orc wizard.
The orc wizard is severely wounded.
Your shield and scale mail prevent you from hitting the orc.
The orc wizard casts a spell at you. The puff of frost hits you.
You die...

#.....# #.# ## #.....#
###.# #. #.....+ ....# #.
#.....# #.#.# #.
#########.....# #.#.# #.
#.............####.#.## #.
#........# #..........# #.
#.)......###.#####.#..# #.
#.......o@.........#..###.
#.......o###.#####........
#........# #.....(.#.###.[
#......o.# #######.#.# #..
######'### #........ #.#
###.###.# #.# #.# #.# #o#
.. ... #.# ...


You could see an orc wizard, an orc priest and an orc.

Vanquished Creatures
  An adder (D:3)
  An ooze (D:1)
  4 worms
  A dart slug (D:1)
  A leopard gecko (D:1)
  An orc (D:3)
  A giant cockroach (D:2)
  4 goblins (D:1)
  2 bats (D:1)
  A frilled lizard (D:2)
  4 kobolds
  2 rats (D:1)
23 creatures vanquished.

Notes
Turn   | Place    | Note
-------+----------+-------------------------------------------
     0 | D:1      | zzzzzzzz the Minotaur Fighter began the quest for the Orb.
     0 | D:1      | Reached XP level 1. HP: 19/19 MP: 0/0
   232 | D:1      | Reached XP level 2. HP: 27/27 MP: 1/1
   780 | D:2      | Noticed a phantom
   940 | D:1      | Reached XP level 3. HP: 13/33 MP: 2/2
  1307 | D:3      | Found a snail-covered altar of Cheibriados.
  1389 | D:3      | Killed from afar by an orc wizard

Skill      XL: |  1  2  3 |
---------------+----------+-----
Fighting       | 4 |  4.0
Armour         | 4 |  4.2
Shields        | 4 |  4.0
Axes           | 3 |  3.4

Action                   || total
-------------------------++-------
Melee: War axe           ||    79
       Headbutt          ||    13
  Eat: Chunk             ||     3
Armor: Scale mail        ||    32
Dodge: Dodged            ||    12
Block: Medium shield     ||    52
